3AA
VIRGINIA BEACH DEUCES @ BELVEDERE PARK RAWHIDES
09/13/2027
 
TOP OF THE 1ST
Virginia Beach Deuces batting - Pitching for Belvedere Park Rawhides : LHP Claudio Avelardo
Pitching: LHP Claudio Avelardo
Batting: LHB Atílio Mansilhas 0-0: Fly out, F9 (Flyball, 9LS)
Batting: RHB Robert Emmet Odlum 0-0: Fly out, F9 (Line Drive, 89M)
Batting: LHB Jeff Simpson 0-0: Called Strike
0-1: Ball
1-1: Ball
2-1: Ball
3-1: Foul Ball, location: 2F
3-2: Strikes out swinging
Top of the 1st over - 0 run(s), 0 hit(s), 0 error(s), 0 left on base; Virginia Beach 0 - Belvedere Park 0
BOTTOM OF THE 1ST
Belvedere Park Rawhides batting - Pitching for Virginia Beach Deuces : RHP Ralph Haggerty
Pitching: RHP Ralph Haggerty
Batting: RHB Marshall Lamar 0-0: Ball
1-0: Ball
2-0: Ball
3-0: Swinging Strike
3-1: Base on Balls
Batting: RHB José Pérez 0-0: Called Strike
0-1: Foul Ball, location: 2F
0-2: Foul Ball, location: 2F
0-2: Strikes out swinging
Batting: SHB Adrián Zamudio 0-0: Swinging Strike
0-1: Called Strike
0-2: Ball
1-2: Fly out, F9 (Flyball, 89M)
Batting: RHB Ramón Cabral 0-0: Called Strike
0-1: Ball
1-1: Ball
2-1: SINGLE (Groundball, 4D)
Marshall Lamar to second
Runner from 2nd tries for 3rd, SAFE, no throw
Batting: LHB Luis Moreno 0-0: Ball
1-0: Swinging Strike
1-1: Reached on error, E5 (Groundball, 5S)
Marshall Lamar scores
Ramón Cabral to third
Batting: SHB Eduardo Pampin 0-0: Ball
1-0: Called Strike
1-1: 3-RUN HOME RUN (Line Drive, 89XD), Distance : 429 ft
Batting: RHB Emmanuele Lucchetti 0-0: Ball
1-0: Called Strike
1-1: Foul Ball, location: 2F
1-2: Foul Ball, location: 2F
1-2: Ball
2-2: Ball
3-2: Fly out, F5 (Line Drive, 56)
Bottom of the 1st over - 4 run(s), 2 hit(s), 1 error(s), 0 left on base; Virginia Beach 0 - Belvedere Park 4
TOP OF THE 2ND
Virginia Beach Deuces batting - Pitching for Belvedere Park Rawhides : LHP Claudio Avelardo
Batting: RHB Juan González 0-0: Called Strike
0-1: Fly out, F7 (Flyball, 7D)
Batting: SHB Carlos Pérez 0-0: Ball
1-0: SINGLE (Groundball, 56D)
Batting: RHB Reg Spiers 0-0: Ball
1-0: Called Strike
1-1: Fly out, F7 (Line Drive, 7)
Batting: RHB Harry Freidricks 0-0: Called Strike
0-1: Foul Ball, location: 2F
0-2: Fly out, F8 (Flyball, 8LM)
Top of the 2nd over - 0 run(s), 1 hit(s), 0 error(s), 1 left on base; Virginia Beach 0 - Belvedere Park 4
BOTTOM OF THE 2ND
Belvedere Park Rawhides batting - Pitching for Virginia Beach Deuces : RHP Ralph Haggerty
Batting: LHB Dan O'Day 0-0: Ball
1-0: Called Strike
1-1: Foul Ball, location: 2F
1-2: Ball
2-2: Ground out 1-3 (Groundball, P)
Batting: RHB Armando Carmona 0-0: Foul Ball, location: 2F
0-1: Ball
1-1: Foul Ball, location: 2F
1-2: SINGLE (Groundball, 6MD)
Batting: RHB Marshall Lamar 0-0: Called Strike
0-1: Ball
1-1: Ball
Armando Carmona steals 2nd base
2-1: Ground out 5-3 (Groundball, 56)
Batting: RHB José Pérez 0-0: Ball
1-0: Foul Ball, location: 2F
1-1: Foul Ball, location: 2F
1-2: Foul Ball, location: 2F
1-2: Foul Ball, location: 2F
1-2: Foul Ball, location: 2F
1-2: Ground out 5-3 (Groundball, 56S)
Bottom of the 2nd over - 0 run(s), 1 hit(s), 0 error(s), 1 left on base; Virginia Beach 0 - Belvedere Park 4
TOP OF THE 3RD
Virginia Beach Deuces batting - Pitching for Belvedere Park Rawhides : LHP Claudio Avelardo
Batting: LHB Ramón Castro 0-0: Ball
1-0: Ball
2-0: Swinging Strike
2-1: Foul Ball, location: 2F
2-2: SINGLE (Flyball, 8LS)
Batting: RHB Rodney Dudley 0-0: Ball
1-0: Ball
2-0: Foul Ball, location: 2F
2-1: Ball
3-1: Base on Balls
Ramón Castro to second
Batting: LHB Atílio Mansilhas 0-0: Fly out, F5 (Popup, 5)
Batting: RHB Robert Emmet Odlum 0-0: Ball
1-0: Called Strike
1-1: SINGLE (Line Drive, 6M)
Ramón Castro to third
Rodney Dudley to second
Runner from 3rd tries for Home, SAFE, throw made home
Rodney Dudley to third
Robert Emmet Odlum to second
Batting: LHB Jeff Simpson 0-0: Ball
1-0: Foul Ball, location: 2F
1-1: Ball
2-1: Foul Ball, location: 2F
2-2: Ground out U3 (Groundball, 3)
Batting: RHB Juan González 0-0: Called Strike
0-1: Ball
1-1: Ball
2-1: Foul Ball, location: 2F
2-2: Ball
3-2: Foul Ball, location: 2F
3-2: Foul Ball, location: 2F
3-2: Ground out 5-3 (Groundball, 56)
Top of the 3rd over - 1 run(s), 2 hit(s), 0 error(s), 2 left on base; Virginia Beach 1 - Belvedere Park 4
BOTTOM OF THE 3RD
Belvedere Park Rawhides batting - Pitching for Virginia Beach Deuces : RHP Ralph Haggerty
Batting: SHB Adrián Zamudio 0-0: Ball
1-0: Swinging Strike
1-1: Foul Ball, location: 2F
1-2: Ground out 1-3 (Groundball, 15S)
Batting: RHB Ramón Cabral 0-0: Ground out 5-3 (Groundball, 56)
Batting: LHB Luis Moreno 0-0: Ball
1-0: Foul Ball, location: 2F
1-1: Foul Ball, location: 2F
1-2: Ball
2-2: Ball
3-2: Foul Ball, location: 2F
3-2: Foul Ball, location: 2F
3-2: Foul Ball, location: 2F
3-2: Foul Ball, location: 2F
3-2: Hit by Pitch
Batting: SHB Eduardo Pampin 0-0: Ball
1-0: Ball
2-0: Fly out, F7 (Flyball, 7D)
Bottom of the 3rd over - 0 run(s), 0 hit(s), 0 error(s), 1 left on base; Virginia Beach 1 - Belvedere Park 4
TOP OF THE 4TH
Virginia Beach Deuces batting - Pitching for Belvedere Park Rawhides : LHP Claudio Avelardo
Batting: SHB Carlos Pérez 0-0: Ball
1-0: Swinging Strike
1-1: Fly out, F7 (Flyball, 7D)
Batting: RHB Reg Spiers 0-0: Called Strike
0-1: Called Strike
0-2: Ground out 6-3 (Groundball, 6S)
Batting: RHB Harry Freidricks 0-0: Ball
1-0: Ground out U3 (Groundball, 34)
Top of the 4th over - 0 run(s), 0 hit(s), 0 error(s), 0 left on base; Virginia Beach 1 - Belvedere Park 4
BOTTOM OF THE 4TH
Belvedere Park Rawhides batting - Pitching for Virginia Beach Deuces : RHP Ralph Haggerty
Batting: RHB Emmanuele Lucchetti 0-0: Ball
1-0: Called Strike
1-1: Ball
2-1: Called Strike
2-2: Foul Ball, location: 2F
2-2: Foul Ball, location: 2F
2-2: Ball
3-2: SINGLE (Groundball, 56D)
Batting: LHB Dan O'Day 0-0: Foul Ball, location: 2F
0-1: Foul Ball, location: 2F
0-2: Ball
1-2: Foul Ball, location: 2F
1-2: Reached on error, E4 (Line Drive, 4M)
Emmanuele Lucchetti to second
Batting: RHB Armando Carmona 0-0: Called Strike
0-1: Swinging Strike
0-2: Ball
1-2: Foul Ball, location: 2F
1-2: Ball
2-2: Ball
3-2: Strikes out swinging
Batting: RHB Marshall Lamar 0-0: Called Strike
0-1: Called Strike
0-2: Ball
1-2: Ball
2-2: Fielders Choice at 2nd, 6-4 (Groundball, 6)
Emmanuele Lucchetti to third
Batting: RHB José Pérez 0-0: Called Strike
Marshall Lamar steals 2nd base
0-1: Swinging Strike
0-2: Ball
1-2: Foul Ball, location: 2F
1-2: Ground out 5-3 (Groundball, 56)
Bottom of the 4th over - 0 run(s), 1 hit(s), 1 error(s), 2 left on base; Virginia Beach 1 - Belvedere Park 4
TOP OF THE 5TH
Virginia Beach Deuces batting - Pitching for Belvedere Park Rawhides : LHP Claudio Avelardo
Batting: RHB Clarence Weber 0-0: Ground out 6-3 (Groundball, 56)
Batting: RHB Rodney Dudley 0-0: Foul Ball, location: 2F
0-1: Swinging Strike
0-2: Ball
1-2: Ball
2-2: Ball
3-2: Foul Ball, location: 2F
3-2: DOUBLE (Line Drive, 7LM)
Batting: LHB Atílio Mansilhas 0-0: Ball
1-0: Ball
2-0: Called Strike
2-1: Ball
Wild Pitch!
Rodney Dudley to third
3-1: Foul Ball, location: 2F
3-2: Base on Balls
Batting: RHB Robert Emmet Odlum 0-0: Ball
1-0: Hit by Pitch
Atílio Mansilhas to second
Batting: LHB Jeff Simpson 0-0: Hit by Pitch
Rodney Dudley scores
Atílio Mansilhas to third
Robert Emmet Odlum to second
Batting: RHB Juan González 0-0: Called Strike
0-1: Swinging Strike
0-2: Ball
1-2: Strikes out swinging
Batting: SHB Carlos Pérez 0-0: Called Strike
0-1: Ball
1-1: Ball
2-1: Foul Ball, location: 2F
2-2: Foul Ball, location: 2F
2-2: Fly out, F8 (Flyball, 8LS)
Top of the 5th over - 1 run(s), 1 hit(s), 0 error(s), 3 left on base; Virginia Beach 2 - Belvedere Park 4
BOTTOM OF THE 5TH
Belvedere Park Rawhides batting - Pitching for Virginia Beach Deuces : RHP Ralph Haggerty
Now at 3B: Clarence Weber
Batting: SHB Adrián Zamudio 0-0: Ball
1-0: Called Strike
1-1: Foul Ball, location: 2F
1-2: Ball
2-2: Foul Ball, location: 2F
2-2: Foul Ball, location: 2F
2-2: SINGLE (Line Drive, 8RS)
Batting: RHB Ramón Cabral 0-0: Called Strike
0-1: Foul Ball, location: 2F
0-2: Fly out, F8 (Flyball, 8RD)
Batting: LHB Luis Moreno 0-0: Called Strike
0-1: Swinging Strike
0-2: Foul Ball, location: 2F
0-2: Ball
1-2: Strikes out swinging
Pitching: RHP Teddy Perkins
Batting: SHB Eduardo Pampin 0-0: Foul Ball, location: 2F
0-1: Ball
1-1: Ball
2-1: Ball
3-1: Called Strike
3-2: Foul Ball, location: 2F
3-2: DOUBLE (Flyball, 8RXD)
Adrián Zamudio to third
Adrián Zamudio scores
Batting: RHB Emmanuele Lucchetti 0-0: Foul Ball, location: 2F
0-1: Called Strike
0-2: Strikes out swinging
Bottom of the 5th over - 1 run(s), 2 hit(s), 0 error(s), 1 left on base; Virginia Beach 2 - Belvedere Park 5
TOP OF THE 6TH
Virginia Beach Deuces batting - Pitching for Belvedere Park Rawhides : LHP Claudio Avelardo
Batting: RHB Reg Spiers 0-0: Ball
1-0: Called Strike
1-1: Foul Ball, location: 2F
1-2: Foul Ball, location: 2F
1-2: Ball
2-2: Foul Ball, location: 2F
2-2: Strikes out swinging
Batting: RHB Harry Freidricks 0-0: Foul Ball, location: 2F
0-1: Ball
1-1: Ball
2-1: Ball
3-1: Base on Balls
Batting: RHB Clarence Weber 0-0: Ball
1-0: Ball
2-0: Called Strike
2-1: Ball
3-1: Fly out, F9 (Flyball, 89S)
Batting: RHB Rodney Dudley 0-0: Ball
1-0: Foul Ball, location: 2F
1-1: Ball
2-1: Called Strike
2-2: Ball
3-2: Strikes out swinging
Top of the 6th over - 0 run(s), 0 hit(s), 0 error(s), 1 left on base; Virginia Beach 2 - Belvedere Park 5
BOTTOM OF THE 6TH
Belvedere Park Rawhides batting - Pitching for Virginia Beach Deuces : RHP Teddy Perkins
Batting: LHB Dan O'Day 0-0: Fly out, F7 (Flyball, 7S)
Batting: RHB Armando Carmona 0-0: SINGLE (Line Drive, 7LS)
Batting: RHB Marshall Lamar 0-0: Ball
1-0: Ball
2-0: Called Strike
2-1: Ball
3-1: Called Strike
3-2: Strikes out swinging
Batting: RHB José Pérez 0-0: Called Strike
Armando Carmona steals 2nd base
0-1: Ball
1-1: Ball
2-1: Called Strike
2-2: Ground out 5-3 (Groundball, 56)
Bottom of the 6th over - 0 run(s), 1 hit(s), 0 error(s), 1 left on base; Virginia Beach 2 - Belvedere Park 5
TOP OF THE 7TH
Virginia Beach Deuces batting - Pitching for Belvedere Park Rawhides : LHP Claudio Avelardo
Pitching: RHP Aaron Chapman
Batting: LHB Atílio Mansilhas 0-0: Foul Ball, location: 2F
0-1: Ball
1-1: Foul Ball, location: 2F
1-2: Strikes out swinging
Batting: RHB Robert Emmet Odlum 0-0: Ball
1-0: Foul Ball, location: 2F
1-1: Foul Ball, location: 2F
1-2: Foul Ball, location: 2F
1-2: Fly out, F4 (Line Drive, 4)
Batting: LHB Jeff Simpson 0-0: Called Strike
0-1: Swinging Strike
0-2: Strikes out swinging
Top of the 7th over - 0 run(s), 0 hit(s), 0 error(s), 0 left on base; Virginia Beach 2 - Belvedere Park 5
BOTTOM OF THE 7TH
Belvedere Park Rawhides batting - Pitching for Virginia Beach Deuces : RHP Teddy Perkins
Batting: SHB Adrián Zamudio 0-0: Ball
1-0: Called Strike
1-1: Swinging Strike
1-2: Foul Ball, location: 2F
1-2: Ball
2-2: Foul Ball, location: 2F
2-2: Foul Ball, location: 2F
2-2: Fly out, F8 (Flyball, 8RM)
Batting: RHB Ramón Cabral 0-0: Swinging Strike
0-1: Ball
1-1: Ground out 6-3 (Groundball, 6)
Batting: LHB Luis Moreno 0-0: Called Strike
0-1: Ball
1-1: Ball
2-1: Fly out, F8 (Flyball, 89D)
Bottom of the 7th over - 0 run(s), 0 hit(s), 0 error(s), 0 left on base; Virginia Beach 2 - Belvedere Park 5
TOP OF THE 8TH
Virginia Beach Deuces batting - Pitching for Belvedere Park Rawhides : RHP Aaron Chapman
Batting: RHB Juan González 0-0: Foul Ball, location: 2F
0-1: Foul Ball, location: 2F
0-2: Strikes out looking
Batting: SHB Carlos Pérez 0-0: Ball
1-0: Ball
2-0: Called Strike
2-1: Ground out 6-3 (Groundball, 6)
Batting: RHB Reg Spiers 0-0: Ball
1-0: Called Strike
1-1: Called Strike
1-2: Ball
2-2: SINGLE (Groundball, 6) (infield hit)
Batting: RHB Harry Freidricks 0-0: Called Strike
0-1: Ground out 1-3 (Groundball, 13S)
Top of the 8th over - 0 run(s), 1 hit(s), 0 error(s), 1 left on base; Virginia Beach 2 - Belvedere Park 5
BOTTOM OF THE 8TH
Belvedere Park Rawhides batting - Pitching for Virginia Beach Deuces : RHP Teddy Perkins
Batting: SHB Eduardo Pampin 0-0: Called Strike
0-1: Ball
1-1: Ball
2-1: Ball
3-1: Base on Balls
Batting: RHB Emmanuele Lucchetti 0-0: Bunted foul
0-1: Sac Bunt - play at first, batter OUT! 5-4
Eduardo Pampin to second
Batting: LHB Dan O'Day 0-0: Intentional Walk
Batting: RHB Armando Carmona 0-0: Ball
1-0: Ball
2-0: Called Strike
2-1: Ball
3-1: Base on Balls
Eduardo Pampin to third
Dan O'Day to second
Pinch Hitting: RHB Claudio Mendoza 0-0: Ball
1-0: Grounds into fielders choice 6-2 (Groundball, 6M)
Dan O'Day to third
Armando Carmona to second
Pitching: RHP Enrique Castillo
Batting: RHB José Pérez 0-0: Fly out, F7 (Flyball, 7S)
Bottom of the 8th over - 0 run(s), 0 hit(s), 0 error(s), 3 left on base; Virginia Beach 2 - Belvedere Park 5
TOP OF THE 9TH
Virginia Beach Deuces batting - Pitching for Belvedere Park Rawhides : RHP Aaron Chapman
Pitching: LHP Earnest Cogan
Now at 2B: Claudio Mendoza
Batting: RHB Clarence Weber 0-0: Called Strike
0-1: SINGLE (Flyball, 78S)
Batting: RHB Rodney Dudley 0-0: Ball
1-0: Foul Ball, location: 2F
1-1: Swinging Strike
1-2: Ball
2-2: Ball
3-2: Grounds into double play, 6-4-3 (Groundball, 6)
Batting: LHB Atílio Mansilhas 0-0: Foul Ball, location: 2F
0-1: Foul Ball, location: 2F
0-2: Ball
1-2: Strikes out swinging
Top of the 9th over - 0 run(s), 1 hit(s), 0 error(s), 0 left on base; Virginia Beach 2 - Belvedere Park 5
Saturday, May 26th, 2018 - OOTP Baseball 17.12 Build 75